 Dungeon Crawl Stone Soup version 0.21-a0-528-gf531e82 (console) character file.

9 radish the Digger (level 2, -4/15 HPs)
             Began as a Deep Elf Earth Elementalist on Dec 8, 2017.
             Slain by a kobold
             ... wielding a +0 whip
              (6 damage)
             ... on level 1 of the Dungeon.
             The game lasted 00:02:53 (365 turns).

radish the Digger (Deep Elf Earth Elementalist)      Turns: 365, Time: 00:02:54

Health: -4/15      AC:  2    Str:  5    XL:     2   Next: 3%
Magic:  1/8        EV: 13    Int: 19    God:
Gold:   12         SH:  0    Dex: 15    Spells: 6/7 levels left

rFire    . . .     SeeInvis .   (no weapon)
rCold    . . .     Gourm    .   (no shield)
rNeg     . . .     Faith    .   c - +0 robe
rPois    .         Spirit   .   (no helmet)
rElec    .         Reflect  .   (no cloak)
rCorr    .         Harm     .   (no gloves)
MR       .....                  (no boots)
Stlth    ++........             (no amulet)
HPRegen  0.05/turn              (no ring)
MPRegen  0.11/turn              (no ring)

@: no status effects
A: no striking features
a: no special abilities


You were on level 1 of the Dungeon.
You were not hungry.

You visited 1 branch of the dungeon, and saw 1 of its levels.

You collected 12 gold pieces.

Inventory:

Missiles
 b - 19 stones (quivered)
Armour
 c - a +0 robe (worn)
Potions
 a - a potion of lignification {unknown}
Books
 e - a book of Geomancy
Comestibles
 d - 2 bread rations {@e1}


   Skills:
 + Level 2.7 Dodging
 + Level 2.7 Stealth
 + Level 3.2 Spellcasting
   Level 1.1 Transmutations
 + Level 3.4 Earth Magic


You had 6 spell levels left.
You knew the following spells:

 Your Spells              Type           Power        Failure   Level  Hunger
a - Sandblast             Erth           ###...       3%          1    None


Dungeon Overview and Level Annotations

Branches:
Dungeon (1/15)

Altars:


Message History

You start resting.
Health restored: 10; MP restored: 6 You start waiting.
Done waiting.
Unknown command.
Unknown command.
Okay, then.
You're too inexperienced to learn that spell!
You see here a club.
Things that are here:
a club; a hobgoblin skeleton
d - 2 bread rations {@e1} (gained 1)
You see here 23 arrows.
You now have 12 gold pieces.
A kobold comes into view.
A kobold is nearby!
Unknown command.
A kobold comes into view.
The kobold shouts!
You hear a shout! x2
The kobold throws a stone.
The stone hits you.
You take 2 damage, and have 8/10 hp.
A bat and a kobold come into view.
You hit the kobold. The kobold barely misses you.
A bat comes into view.
You hit the kobold. The bat hits you but does no damage.
The kobold closely misses you.
A goblin comes into view.
The bat closely misses you. x2
The bat hits you but does no damage. The bat completely misses you.
The bat hits you but does no damage.
You completely miss the bat. The bat closely misses you.
The bat barely misses you.
You barely miss the bat. The bat hits you.
You take 1 damage, and have 8/10 hp.
You hit the bat. The bat closely misses you.
The bat hits you but does no damage.
You miss the bat. The bat misses you.
You closely miss the bat. The bat hits you but does no damage.
You miss the bat. The bat closely misses you. The bat barely misses you.
You barely miss the bat. The bat misses you.
You barely miss the bat. The bat barely misses you.
You barely miss the bat. The bat closely misses you. The bat hits you.
You take 1 damage, and have 7/10 hp.
You barely miss the bat. The bat barely misses you.
You barely miss the bat. The bat closely misses you.
You barely miss the bat. The bat closely misses you.
You closely miss the bat. The bat hits you.
You take 1 damage, and have 6/10 hp.
You hit the bat. The bat misses you.
You miss the bat. The bat closely misses you.
You closely miss the bat. The bat hits you but does no damage.
The bat closely misses you.
You don't know that spell.
Aim: a bat The blast of sand hits the bat.
You kill the bat!
b - 24 stones The bat barely misses you.
You now have 5/6 mp.
Aim: a bat The blast of sand hits the bat.
You kill the bat!
b - 23 stones You now have 4/6 mp.
Aim: a kobold The blast of sand hits the kobold.
You kill the kobold!
b - 22 stones The kobold throws a stone.
The stone closely misses you.
You now have 3/6 mp.
Aim: a kobold, wielding a whip
Okay, then.
You hit the kobold but do no damage. The kobold misses you.
You closely miss the kobold. The kobold barely misses you.
You barely miss the kobold. The kobold barely misses you.
Aim: a kobold, wielding a whip The blast of sand misses the kobold.
The blast of sand hits the kobold.
You kill the kobold!
You have reached level 2!
b - 21 stones The kobold hits you with a whip.
You regained 3 hp, and now have 9/15 hp.
You now have 2/8 mp.
Aim: a kobold, wielding a whip The blast of sand misses the kobold.
The blast of sand misses the goblin.
b - 20 stones The kobold hits you with a whip.
You take 2 damage, and have 7/15 hp.
You now have 1/8 mp.
Aim: a kobold, wielding a whip The blast of sand misses the kobold.
The blast of sand misses the goblin.
b - 19 stones The kobold hits you with a whip.
* * * LOW HITPOINT WARNING * * *
A gnoll comes into view. It is wielding a halberd.
You take 4 damage, and have 3/15 hp.
MASSIVE DAMAGE!!
The gnoll shouts!
You hit the kobold but do no damage. The kobold hits you with a whip.
* * * LOW HITPOINT WARNING * * *
You take 1 damage, and have 2/15 hp.
You hit the kobold. The kobold misses you.
You closely miss the kobold. The kobold hits you with a whip.
You die...

..#.##. .# .
....[#.#.#.##
......#.#..
#........#####
#....#.#.....
#.........##.
#####...g.......
................
######...g##..#
#....##K#
#.##.##@# ..
#.##.# #. #.##.#
. #.##.# ##.##.#
..##(# #.##.#
♣.##.#####
♣♣♣♣........#
#♣<♣#........#
#8.8#........#


You could see a gnoll, a goblin and a kobold.

Vanquished Creatures
  2 hobgoblins (D:1)
  2 kobolds (D:1)
  3 bats (D:1)
  A frilled lizard (D:1)
8 creatures vanquished.

Notes
Turn   | Place    | Note
-------+----------+-------------------------------------------
     0 | D:1      | radish the Deep Elf Earth Elementalist began the quest for the Orb.
     0 | D:1      | Reached XP level 1. HP: 10/10 MP: 6/6
   360 | D:1      | Reached XP level 2. HP: 10/15 MP: 2/8
   362 | D:1      | HP: 3/15 [kobold/whip (4)]
   365 | D:1      | Slain by a kobold

Vault maps used:
D:1:      saegor_arrival_simple_b

Action                   || total
-------------------------++-------
Melee: Unarmed           ||    30
 Cast: Sandblast         ||    11
Armor: Robe              ||    12
Dodge: Dodged            ||    32

Table legend:
 A = Spawn XP
 B = Non-spawn XP
 C = Spawn XP percentage of total XP
 D = Spawn monster count
 E = Non-spawn monster count
 F = Spawn count percentage of total count
 G = Total turns spent on level
                    A         B        C        D         E        F      G
               +---------+---------+-------+---------+---------+-------+---------
         Total |       0 |      13 |   0.0 |       0 |       8 |   0.0 |   365
               +---------+---------+-------+---------+---------+-------+---------
           D:1 |       0 |      13 |   0.0 |       0 |       8 |   0.0 |   365
               +---------+---------+-------+---------+---------+-------+---------

Vault maps used:
D:1:      saegor_arrival_simple_b

Table legend:
 A = Turns spent in this place as a percentage of turns spent in the entire game.
 B = Non-inter-level travel turns spent in this place as a percentage of non-inter-level travel turns spent in the entire game.
 C = Inter-level travel turns spent in this place as a percentage of turns spent in this place.
 D = Turns resting spent in this place as a percentage of non-inter-level travel turns spent in this place.
 E = Turns spent auto-exploring this place as a percentage of non-inter-level travel turns spent in this place.
 F = Non-inter-level travel turns spent in this place divided by the number of levels of this place that you've seen.
                   A       B       C       D       E      F
               +-------+-------+-------+-------+-------+----------------------
         Total | 100.0 | 100.0 |   0.0 |  74.8 |   7.7 | 365.0
       Dungeon | 100.0 | 100.0 |   0.0 |  74.8 |   7.7 | 365.0
               +-------+-------+-------+-------+-------+----------------------

Table legend:
 A = Kills in this place as a percentage of kills in entire the game.
 B = Kills by you in this place as a percentage of kills by you in the entire game.
 C = Kills by friends in this place as a percentage of kills by friends in the entire game.
 D = Other kills in this place as a percentage of other kills in the entire game.
 E = Experience gained in this place as a percentage of experience gained in the entire game.
 F = Experience gained in this place divided by the number of levels of this place that you have seen.
                   A       B       C       D       E      F
               +-------+-------+-------+-------+-------+----------------------
         Total | 100.0 | 100.0 |   N/A |   N/A | 100.0 |  13.0
       Dungeon | 100.0 | 100.0 |   N/A |   N/A | 100.0 |  13.0
               +-------+-------+-------+-------+-------+----------------------
